 Dungeon Crawl Stone Soup version 0.20-a0-910-gb611367 (webtiles) character file.

64710 Morrissey the Warrior (level 14, -11/202 HPs)
             Began as a Minotaur Berserker on Mar 23, 2017.
             Was a High Priest of Trog.
             Killed by divine providence
             ... invoked by an orc priest
              (15 damage)
             ... on level 2 of the Orcish Mines.
             The game lasted 00:34:38 (17334 turns).

Morrissey the Warrior (Minotaur Berserker)         Turns: 17334, Time: 00:34:39

Health: -11/202    AC: 14    Str: 30    XL:     14   Next: 72%
Magic:  7/7        EV: 20    Int: 10    God:    Trog [*****.]
Gold:   865        SH:  0    Dex: 14    Spells: 13/13 levels left

rFire    + . .     SeeInvis .   a - +5 broad axe (antimagic)
rCold    . . .     Gourm    .   H - +1 ring mail "Gis Hak" {-Cast rF+ rN++ MP+9}
rNeg     + + .     Faith    .   (no shield)
rPois    .         Spirit   .   l - +0 hat
rElec    .         Reflect  .   C - +0 cloak
rCorr    +         Harm     .   d - +0 pair of gloves of Purpose {rCorr Int+6 Dex-4} (curse)
MR       +++..     NoCast   +   J - +0 pair of boots
Stlth    ..........             f - amulet of regeneration
Regen    1.9/turn               M - +3 ring of dexterity
MPRegen  0.1/turn               D - +3 ring of strength

@: berserking (expiring), regenerating, very quick
A: retaliatory headbutt, horns 2
a: Berserk, Trog's Hand, Brothers in Arms, Burn Spellbooks, Renounce Religion


You were on level 2 of the Orcish Mines.
You worshipped Trog.
Trog was extremely pleased with you.
You were very hungry.

You visited 3 branches of the dungeon, and saw 18 of its levels.
You also visited: Labyrinth.

You collected 1205 gold pieces.
You spent 340 gold pieces at shops.

Inventory:

Hand Weapons
 a - a +5 antimagic broad axe (weapon)
 b - a +0 flail of holy wrath
 x - a +2 antimagic executioner's axe
 y - a +1 morningstar of venom
 I - a +1 whip of electrocution
Armour
 d - the cursed +0 pair of gloves of Purpose (worn) {rCorr Int+6 Dex-4}
   (You found it in a labyrinth)

   It affects your intelligence (+6).
   It affects your dexterity (-4).
   It protects you from acid and corrosion.
   It has a curse placed upon it.
 l - a +0 hat (worn)
 n - a +0 plate armour
 C - a +0 cloak (worn)
 H - the +1 ring mail "Gis Hak" (worn) {-Cast rF+ rN++ MP+9}
   (You found it on level 8 of the Dungeon)

   It protects you from fire.
   It greatly protects you from negative energy.
   It affects your magic capacity (+9).
   It prevents spellcasting.
 J - a +0 pair of boots (worn)
Jewellery
 f - an amulet of regeneration (around neck)
 A - an uncursed ring of protection from cold
 B - an uncursed amulet of guardian spirit
 D - a +3 ring of strength (left hand)
 M - a +3 ring of dexterity (right hand)
 U - an uncursed ring of protection from magic
Wands
 j - a wand of flame (37/48)
 o - a wand of iceblast (10/15)
 u - a wand of flame (22/48)
 E - a wand of disintegration (17/24)
 K - a wand of confusion (30/48)
 L - a wand of polymorph (18/24)
 Q - a wand of paralysis (1/24)
 S - a wand of acid (0/15)
Scrolls
 e - 3 scrolls of fear
 h - 11 scrolls of remove curse
 i - 3 scrolls of enchant armour
 k - 7 scrolls of teleportation
 p - 4 scrolls of recharging
 q - 5 scrolls of fog
 s - 3 scrolls of blinking
 w - 3 scrolls of noise {unknown}
 O - 2 scrolls of acquirement {unknown}
 R - a scroll of magic mapping
 W - a scroll of brand weapon
 Y - a scroll of torment {unknown}
Potions
 m - 5 potions of curing
 r - 2 potions of berserk rage
 t - 5 potions of invisibility
 G - 2 potions of resistance
 N - a potion of magic {unknown}
 P - 2 potions of haste
 T - 2 potions of flight
 V - 2 potions of brilliance
 Z - a potion of cancellation
Comestibles
 c - 11 bread rations
 g - 3 meat rations
 v - 6 royal jellies
 F - 27 fruits


   Skills:
 - Level 15.5 Fighting
 * Level 9.7(12.3) Axes
 - Level 12.4(13.6) Maces & Flails
 - Level 15.4 Armour
 - Level 14.3 Dodging


You had 13 spell levels left.
You didn't know any spells.

Dungeon Overview and Level Annotations

Branches:
Dungeon (10/15)            Temple (0/1) D:4            Lair (6/6) D:8
 Shoals (0/4) Lair:3        Snake (0/4) Lair:3        Slime (0/5) Lair:6
    Orc (2/2) D:9             Elf (0/3) Orc:2

Altars:
Dithmenos
Elyvilon
Fedhas
Hepliaklqana
Kikubaaqudgha
Makhleb
Nemelex Xobeh
Okawaru
Qazlal
Trog
Uskayaw
Vehumet
Zin

Shops:
D:5 :   D:10 ?


Innate Abilities, Weirdness & Mutations

You reflexively headbutt those who attack you in melee.
You have a pair of horns on your head.


Message History

Beogh smites you!
* * * LOW HITPOINT WARNING * * *
The orc priest calls down the wrath of Beogh upon you.
Beogh smites you!
* * * LOW HITPOINT WARNING * * *
You slice the orc knight!!
The orc knight is moderately wounded.
You slice the orc priest!!
You kill the orc priest!
Trog accepts your kill.
You slice the orc!!
You kill the orc!
Trog accepts your kill.
The orc knight hits you with a dire flail.
* * * LOW HITPOINT WARNING * * *
You slash the orc knight! Your headbutt misses the orc knight.
The orc knight is heavily wounded.
The orc priest calls down the wrath of Beogh upon you.
Beogh smites you!
You die...

#......# #....... ..##
####...... ....##
#####......... ......#
##.##......####
.....###.........#####
.#.#.#o#[#$(......##§§§≈
....o.[)....#.....#≈.≈..
....ooo@)).##.##..##....
......))..####.#..###...
.#.#.#.#.## ##...###..
......### ###...#..
......# #....... ....##
#....... . ## #.......#
.......... ##......#..


You could see an orc knight and 4 orc priests.

Vanquished Creatures
  An orc warlord (Orc:2)
  6 dire elephants (Lair:6)
  A minotaur (Lab)
  Josephine (Lair:6)
  An ogre mage (Orc:1)
  6 hydras
  2 catoblepae
  An anaconda (Lair:6)
  6 two-headed ogres
  15 death yaks
  2 unseen horrors
  3 orc knights (Orc:2)
  Pikel (D:4)
  2 oklob plants (Lair:6)
  A lindwurm (Lair:6)
  An orc sorcerer (Orc:2)
  Joseph (D:9)
  4 elephants (Lair:6)
  3 cyclopes
  A torpor snail (Lair:6)
  A gargoyle (D:10)
  6 spiny frogs
  2 rime drakes
  9 komodo dragons
  The ghost of Daviar the Covert, a novice SpAs of Wu Jian (D:4)
  4 trolls
  A merfolk (Lair:3)
  2 polar bears
  Prince Ribbit (D:9)
  10 blink frogs
  11 hippogriffs
  2 redbacks (Lab)
  Sigmund (D:3)
  3 wyverns
  39 yaks
  3 wraiths (Lair:6)
  2 steam dragons
  A hungry ghost (D:4)
  Menkaure (D:6)
  Edmund (D:6)
  3 nagas (Lair:3)
  2 wargs
  17 water moccasins
  4 porcupines
  18 orc warriors
  3 sky beasts
  An ice beast (D:10)
  A slave (D:4)
  2 phantoms
  A necrophage (D:8)
  3 black bears
  12 ogres
  8 centaurs
  11 wolves
  11 crocodiles
  A gnoll sergeant (Orc:2)
  A big kobold (D:9)
  9 bullfrogs
  6 scorpions
  A wyvern skeleton (D:10)
  An electric eel (Lair:5)
  A howler monkey (D:5)
  3 bullfrog zombies
  2 crimson imps
  4 lava snakes (Lab)
  A quasit (D:6)
  21 orc priests
  Crazy Yiuf (D:6)
  A centaur skeleton (D:10)
  A jelly (D:6)
  A bullfrog skeleton (D:10)
  16 orc wizards
  7 worker ants
  A hound zombie (D:6)
  2 hound skeletons
  2 worker ant zombies (D:7)
  2 howler monkey skeletons
  6 gnolls
  8 adders
  8 river rats (D:7)
  A shadow imp (D:8)
  2 adder zombies
  An adder skeleton (D:4)
  2 worms (D:2)
  2 dart slugs
  5 leopard geckos
  71 orcs
  10 giant cockroaches
  5 hobgoblins
  9 jackals
  5 quokkas
  A ball python skeleton (D:4)
  6 bats
  2 frilled lizards
  3 goblins
  10 kobolds
  A leopard gecko skeleton (D:6)
  A quokka skeleton (D:5)
  19 rats
  6 plants (Lair:6)
526 creatures vanquished.

Vanquished Creatures (others)
  A leopard gecko (D:4)
  An orc (Orc:1)
  A bush (Lair:6)
  8 fungi
  9 plants (Lair:6)
20 creatures vanquished.

Grand Total: 546 creatures vanquished

Notes
Turn   | Place    | Note
-------+----------+-------------------------------------------
     0 | D:1      | Morrissey the Minotaur Berserker began the quest for the Orb.
     0 | D:1      | Reached XP level 1. HP: 19/19 MP: 0/0
   318 | D:1      | Reached XP level 2. HP: 27/27 MP: 1/1
  1095 | D:2      | Reached XP level 3. HP: 26/33 MP: 2/2
  1449 | D:3      | Reached ** piety under Trog
  1709 | D:3      | Reached skill level 1 in Maces & Flails
  1725 | D:3      | Reached XP level 4. HP: 27/40 MP: 3/3
  1812 | D:3      | Noticed Sigmund
  1812 | D:3      | Found an ancient bone altar of Kikubaaqudgha.
  1812 | D:3      | Found a blossoming altar of Fedhas.
  1833 | D:3      | Killed Sigmund
  1833 | D:3      | Reached XP level 5. HP: 47/47 MP: 4/4
  1959 | D:3      | Found an iron altar of Okawaru.
  1998 | D:3      | Reached XP level 6. HP: 53/53 MP: 5/5
  2164 | D:4      | Noticed a hungry ghost
  2192 | D:4      | Killed a hungry ghost
  2200 | D:4      | Reached skill level 5 in Fighting
  2208 | D:4      | Reached skill level 5 in Maces & Flails
  2223 | D:4      | Reached XP level 7. HP: 40/61 MP: 6/6
  2241 | D:4      | Noticed Pikel
  2254 | D:4      | Killed Pikel
  2254 | D:4      | Reached skill level 5 in Armour
  2387 | D:4      | Reached skill level 5 in Dodging
  2387 | D:4      | Reached XP level 8. HP: 70/70 MP: 7/7
  2712 | D:4      | Noticed Daviar's ghost (novice SpAs)
  2718 | D:4      | Killed Daviar's ghost
  2878 | D:4      | Found a staircase to the Ecumenical Temple.
  3073 | D:5      | Entered Level 5 of the Dungeon
  3084 | D:5      | Found Ulemestro's Book Boutique.
  3350 | D:5      | Found a stormy altar of Qazlal.
  3362 | D:5      | Reached *** piety under Trog
  4037 | D:5      | Found a radiant altar of Vehumet.
  4038 | D:5      | Found a hide-covered altar of Uskayaw.
  4040 | D:5      | Found a hazy altar of Hepliaklqana.
  4042 | D:5      | Found a shadowy altar of Dithmenos.
  4044 | D:5      | Found a white marble altar of Elyvilon.
  4122 | D:6      | Found a bloodstained altar of Trog.
  4175 | D:6      | Reached XP level 9. HP: 77/78 MP: 8/8
  4361 | D:6      | Noticed Menkaure
  4364 | D:6      | Reached **** piety under Trog
  4368 | D:6      | Killed Menkaure
  4393 | D:6      | Found a sparkling altar of Nemelex Xobeh.
  4433 | D:6      | Noticed Edmund
  4440 | D:6      | Killed Edmund
  4544 | D:6      | Noticed a two-headed ogre
  4553 | D:6      | Killed a two-headed ogre
  4553 | D:6      | Reached skill level 10 in Maces & Flails
  4805 | D:6      | Found a runed door.
  4809 | D:6      | Noticed Crazy Yiuf
  4812 | D:6      | Killed Crazy Yiuf
  4812 | D:6      | Received a gift from Trog
  5339 | D:7      | Found a glowing silver altar of Zin.
  5408 | D:7      | Reached XP level 10. HP: 86/89 MP: 9/9
  6805 | D:8      | Got a warped ring mail
  6816 | D:8      | Identified the cursed +1 ring mail "Gis Hak" {-Cast rF+ rN++ MP+9} (You found it on level 8 of the Dungeon)
  6885 | D:8      | Found a burning altar of Makhleb.
  7048 | D:8      | Found a staircase to the Lair.
  7445 | Lair:1   | Entered Level 1 of the Lair of Beasts
  7526 | Lair:1   | Found a labyrinth entrance.
  7539 | Lab      | Entered a labyrinth
  7821 | Lab      | Found an exit through the horrors of the Abyss.
  7872 | Lab      | Got a pair of spiked gloves
  8042 | Lab      | Identified the cursed +0 pair of gloves of Purpose {rCorr Int+6 Dex-4} (You found it in a labyrinth)
  8121 | Lab      | Killed an unseen horror
  8328 | Lab      | Noticed a minotaur
  8338 | Lab      | Killed a minotaur
  8338 | Lab      | Reached XP level 11. HP: 99/99 MP: 10/10
  8590 | Lair:1   | Got a coiled diamond amulet
  8599 | Lair:1   | Reached skill level 10 in Fighting
  8716 | Lair:1   | Reached skill level 10 in Armour
  9341 | Lair:2   | Identified the amulet of Eciyviom {Gourm Dex+3} (You found it on level 1 of the Lair of Beasts)
  9478 | Lair:2   | Reached ***** piety under Trog
  9923 | Lair:3   | Found a staircase to the Snake Pit.
  9942 | Lair:3   | Reached skill level 10 in Dodging
 10044 | Lair:3   | Noticed a catoblepas
 10065 | Lair:3   | Killed a catoblepas
 10514 | Lair:3   | Found a staircase to the Shoals.
 11006 | Lair:4   | Reached XP level 12. HP: 110/110 MP: 11/11
 11046 | Lair:4   | Noticed a five-headed hydra
 11054 | Lair:4   | Killed a five-headed hydra
 11106 | Lair:4   | Noticed a death yak
 11107 | Lair:4   | Noticed a death yak
 11107 | Lair:4   | Noticed a death yak
 11107 | Lair:4   | Noticed a death yak
 11107 | Lair:4   | Noticed a death yak
 11108 | Lair:4   | Noticed a death yak
 11116 | Lair:4   | Killed a death yak
 11121 | Lair:4   | Killed a death yak
 11128 | Lair:4   | Killed a death yak
 11140 | Lair:4   | Killed a death yak
 11147 | Lair:4   | Killed a death yak
 11154 | Lair:4   | Killed a death yak
 11595 | Lair:5   | Noticed an eight-headed hydra
 11601 | Lair:5   | Killed an eight-headed hydra
 11793 | Lair:5   | Noticed a six-headed hydra
 11802 | Lair:5   | Killed a six-headed hydra
 12270 | Lair:6   | Entered Level 6 of the Lair of Beasts
 12270 | Lair:6   | Noticed a death yak
 12270 | Lair:6   | Noticed a death yak
 12270 | Lair:6   | Noticed a death yak
 12272 | Lair:6   | Noticed a four-headed hydra
 12310 | Lair:6   | Noticed a four-headed hydra
 12442 | Lair:6   | Killed a four-headed hydra
 12489 | Lair:6   | Reached XP level 13. HP: 111/122 MP: 12/12
 13251 | Lair:6   | Noticed a dire elephant
 13251 | Lair:6   | Noticed a dire elephant
 13268 | Lair:6   | Killed a dire elephant
 13275 | Lair:6   | Killed a dire elephant
 13329 | Lair:6   | Noticed a dire elephant
 13344 | Lair:6   | Killed a dire elephant
 13375 | Lair:6   | Noticed a dire elephant
 13392 | Lair:6   | Killed a dire elephant
 13513 | Lair:6   | Noticed a dire elephant
 13527 | Lair:6   | Killed a dire elephant
 13889 | Lair:6   | Noticed Josephine
 13909 | Lair:6   | Killed Josephine
 13949 | Lair:6   | Reached XP level 14. HP: 123/133 MP: 13/13
 13988 | Lair:6   | Reached skill level 15 in Fighting
 14126 | Lair:6   | Reached skill level 15 in Armour
 14232 | Lair:6   | Received a gift from Trog
 14394 | Lair:6   | Found a staircase to the Slime Pits.
 15332 | D:9      | Noticed Joseph
 15342 | D:9      | Killed Joseph
 15372 | D:9      | Found a staircase to the Orcish Mines.
 15429 | D:9      | Noticed Prince Ribbit
 15596 | D:9      | Killed Prince Ribbit
 15695 | Orc:1    | Entered Level 1 of the Orcish Mines
 15773 | D:10     | Entered Level 10 of the Dungeon
 16015 | D:10     | Received a gift from Trog
 16056 | D:10     | Found Pitwibes's Magic Scroll Boutique.
 16075 | D:10     | Bought a scroll of brand weapon for 340 gold pieces
 16208 | Orc:1    | Reached skill level 5 in Axes
 16650 | Orc:2    | Entered Level 2 of the Orcish Mines
 16747 | Orc:2    | Noticed an orc warlord
 16764 | Orc:2    | Killed an orc warlord
 17049 | Orc:2    | Found a staircase to the Elven Halls.
 17313 | Orc:2    | Received a gift from Trog
 17332 | Orc:2    | HP: 8/202 [orc priest/divine providence (10)]
 17333 | Orc:2    | HP: 3/202 [orc knight/dire flail (6)]
 17334 | Orc:2    | Killed from afar by an orc priest

Vault maps used:
D:1:      co_arrival_square_in_a_square_in_a_square
D:2:      first_bread, minivault_27, kennysheep_decorative_pillar,
          corexii_leaking_fountain
D:3:      grunt_temple_overflow_growth_and_decay,
          nicolae_overflow_hidden_temple, uniq_sigmund
D:4:      temple_statues, grunt_ministairs_14, roderic_bipointed_swastika,
          uniq_pikel
D:5:      nicolae_overflow_crystal_walls, minitemple, serial_shops, shop
D:6:      lemuel_crystal_altar, kennysheep_mini_moat,
          hangedman_decor_peaks_small, kennysheep_generic_room_7, uniq_edmund,
          uniq_menkaure, uniq_crazy_yiuf_cottage
D:7:      lemuel_ratsnest, zin_statuary
D:8:      kennysheep_mini, erik_lair_dragon
D:9:      orc_0_dummy, uniq_joseph, uniq_prince_ribbit1
D:10:     serial_shops, nicolae_shop_statue_plus, the_bakery
Lair:1:   lab_entry_generic, grunt_megastairs_3
Lair:2:   grunt_megastairs_4, lemuel_fruit_fields
Lair:3:   elwin_shoals_entry_rooms, guppyfry_snake_entry_island
Lair:5:   serial_bayou_shore_a
Lair:6:   due_jungle_book, minmay_slime_entry_oklob_enclosed, lemuel_fruit_tree,
          uniq_josephine
Orc:2:    st_orc_pillars, nicolae_orc_lava_room
Lab:      labyrinth_watery, nicolae_lab_hexagon, nicolae_lab_do_over,
          nicolae_lab_statue, labyrinth_lava_lair, labyrinth_skeletal_remains,
          nicolae_lab_big_swirl, nicolae_lab_t_cross, nicolae_lab_garden,
          labyrinth_fake_exit

Skill      XL: |  1  2  3  4  5  6  7  8  9 10 11 12 13 14 |
---------------+-------------------------------------------+-----
Axes           | 4 9 |  9.7
Armour         | 3 4 5 6 8 9 11 13 14 15 | 15.4
Maces & Flails | 1 3 5 6 8 10 12 | 12.4
Fighting       | 4 5 6 8 9 11 13 14 15 | 15.5
Dodging        | 3 4 5 6 7 8 10 12 13 14 | 14.3

Action                   |  1- 3 |  4- 6 |  7- 9 | 10-12 | 13-15 || total
-------------------------+-------+-------+-------+-------+-------++-------
Melee: Hand axe          |    58 |       |       |       |       ||    58
       Headbutt          |     9 |    16 |    48 |   175 |   252 ||   500
       Whip              |    29 |    75 |   221 |   633 |   575 ||  1533
       Broad axe         |       |       |       |       |   164 ||   164
Invok: Berserk           |     2 |     1 |     4 |     6 |    11 ||    24
       Trog's Hand       |       |     1 |     1 |     4 |     5 ||    11
       Burn Spellbooks   |       |       |       |     2 |       ||     2
Evoke: Wand              |       |       |       |       |     8 ||     8
  Use: Scroll            |       |       |       |    13 |    11 ||    24
       Potion            |       |       |       |     1 |     1 ||     2
  Eat: Chunk             |     3 |     4 |    15 |    15 |    21 ||    58
       Royal jelly       |       |     3 |       |     5 |       ||     8
       Meat ration       |       |       |       |     1 |     1 ||     2
Armor: Animal skin       |    14 |       |       |       |       ||    14
       Scale mail        |     6 |     2 |       |       |       ||     8
       Plate armour      |       |    35 |    85 |    35 |       ||   155
       Ring mail         |       |       |       |    86 |   138 ||   224
Dodge: Dodged            |    53 |    15 |    69 |   317 |   483 ||   937
